 Dungeon Crawl Stone Soup version 0.17-a0-1554-g3b847ca (webtiles) character file.

212 Gorice the Magician (level 5, -2/34 HPs)
             Began as an Octopode Wanderer on July 19, 2015.
             Slain by an ice beast (6 damage)
             ... on level 4 of the Dungeon.
             The game lasted 00:21:56 (3424 turns).

Gorice the Magician (Octopode Wanderer)             Turns: 3424, Time: 00:21:56

Health: -2/34      AC:  1    Str: 16    XL:     5   Next: 90%
Magic:  6/11       EV: 11    Int: 15    God:
Gold:   142        SH:  0    Dex: 12    Spells: 4 memorised, 5 levels left

rFire  . . .     SeeInvis .     a - +1 mace
rCold  + . .     Clarity  .     (no shield)
rNeg   . . .     SustAt   .     (helmet restricted)
rPois  .         Gourm    .     w - amulet of inaccuracy (curse)
rElec  .         Spirit   .     g - +5 ring of strength
rCorr  .         Warding  .     u - ring of protection from cold
rMut   .         Stasis   .     (no ring)
MR     .....                    (no ring)
Stlth  ++........               (no ring)
                                (no ring)
                                (no ring)
                                (no ring)

@: repel missiles, not resistant to hostile enchantments, unstealthy
A: almost no armour, amphibious, 8 rings, constrict 8, camouflage 1, gelatinous
body 1
a: no special abilities


You were on level 4 of the Dungeon.
You were not hungry.

You visited 1 branch of the dungeon, and saw 4 of its levels.

You collected 142 gold pieces.

Inventory:

Hand weapons
 a - a +1 mace (weapon)
 h - a +0 whip
 p - a +2 dagger of protection
   (You found it on level 2 of the Dungeon)
 x - a +1 rapier of venom
   (You found it on level 4 of the Dungeon)
Missiles
 o - 2 javelins (quivered)
 r - 17 poisoned needles
 Z - 194 stones
Magical staves
 b - an uncursed staff of fire
Jewellery
 g - a +5 ring of strength (left tentacle)
 j - an uncursed amulet of guardian spirit
 u - a ring of protection from cold (right tentacle)
 w - a cursed amulet of inaccuracy (around mantle)
Magical devices
 q - a wand of random effects (20)
 z - a wand of fire (7)
Scrolls
 s - a scroll of teleportation {!r}
 y - a scroll of enchant armour {unknown}
Potions
 d - a potion of cancellation {!q}
 e - 3 potions of haste {!q}
 l - a potion of curing
 m - a potion of cure mutation {!q}
 n - a potion of heal wounds {!q}
 t - a potion of berserk rage
Books
 i - a book of Minor Magic
Comestibles
 c - 2 bread rations {!e}
 f - 4 chunks of flesh
 k - 2 meat rations {!e}
 v - a beef jerky


   Skills:
 - Level 2.0 Fighting
 - Level 1.0 Maces & Flails
 - Level 2.0 Throwing
 + Level 4.0 Spellcasting
 * Level 3.8 Conjurations
 * Level 2.5 Summonings
   Level 1.0 Necromancy


You had 5 spell levels left.
You knew the following spells:

 Your Spells              Type           Power        Failure   Level  Hunger
a - Magic Dart            Conj           ##..         4%          1    None
b - Call Imp              Summ           ##......     12%         2    ##.....
J - Blink                 Tloc           N/A          28%         2    ##.....
M - Repel Missiles        Chrm/Air       #.....       28%         2    ##.....


Dungeon Overview and Level Annotations

Branches:
Dungeon (4/15)
 Temple: D:4-7

Altars:
Kikubaaqudgha
Trog
Xom
Yredelemnul


Innate Abilities, Weirdness & Mutations

You cannot wear most types of armour.
You are amphibious.
You can wear up to eight rings at the same time.
You can use your tentacles to constrict eight enemies at once.
Your skin changes colour to match your surroundings (Stealth).
Your rubbery body absorbs attacks (AC +1).


Message History

Press: ? - help, Shift-Dir - straight line, f/p - ice beast
Aim: an ice beast The magic dart hits the ice beast.
Casting: Magic Dart
Confirm with . or Enter, or press ? or * to list all spells.
Aiming: Magic Dart
Press: ? - help, Shift-Dir - straight line, f/p - ice beast
Aim: an ice beast The magic dart hits the ice beast.
The ice beast is lightly wounded.
Casting: Magic Dart
Confirm with . or Enter, or press ? or * to list all spells.
Aiming: Magic Dart
Press: ? - help, Shift-Dir - straight line, f/p - ice beast
Aim: an ice beast (lightly wounded)
The magic dart hits the ice beast.
The ice beast is lightly wounded.
You hit the ice beast.
The ice beast is moderately wounded.
The ice beast closely misses you.
Your crimson imp hits the ice beast.
You closely miss the ice beast.
The ice beast is moderately wounded.
The ice beast hits you. The ice beast freezes you. You resist.
Your crimson imp closely misses the ice beast.
The ice beast hits you. The ice beast freezes you. You resist.
Damage: 12 (max 12)
You closely miss the ice beast.
The ice beast is moderately wounded.
Your crimson imp blinks!
The ice beast completely misses you.
You miss the ice beast. Your squeeze misses the ice beast.
The ice beast is moderately wounded.
The ice beast barely misses you.
Your crimson imp blinks!
You closely miss the ice beast. You squeeze the ice beast.
The ice beast is heavily wounded.
The ice beast misses you.
Your crimson imp blinks!
The ice beast hits you. The ice beast freezes you. You resist.
Damage: 7 (max 12)
You hit the ice beast. Your squeeze misses the ice beast.
The ice beast is heavily wounded.
The ice beast hits you. The ice beast freezes you. You resist.
* * * LOW HITPOINT WARNING * * *
Your crimson imp hits the ice beast.
Damage: 3 (max 12)
You swap places.
The ice beast hits you.
* * * LOW HITPOINT WARNING * * *
The ice beast freezes you. You resist.
You die...

..........# #.##.#
#.........####.##.#
...........##.##.#
#.#.......#.##.##.#
...............##.#
..##.###.##.#####.#
##......<##.# #.#
.......#.##.#####Y#
##.....#.##.....@5#
.......#.##########
.#..####.#
..........
.#.....#.#
.##..###.# .##..#
.##..# .....# #


You could see an ice beast and a friendly crimson imp.

Vanquished Creatures
  An orc priest (D:4)
  A gnoll (D:2)
  3 adders
  An ooze (D:1)
  A worm (D:2)
  2 giant geckos
  9 orcs
  9 bats
  3 bat zombies (D:2)
  2 giant cockroaches (D:1)
  11 goblins
  3 hobgoblins (D:3)
  2 ball pythons
  5 giant newts
  11 kobolds
  11 rats
75 creatures vanquished.

Vanquished Creatures (collateral kills)
  An ogre (D:4)
  An orc priest (D:3)
  An orc (D:4)
3 creatures vanquished.

Grand Total: 78 creatures vanquished

Notes
Turn   | Place    | Note
--------------------------------------------------------------
     0 | D:1      | Gorice the Octopode Wanderer began the quest for the Orb.
     0 | D:1      | Gorice set off with: a book of Minor Magic, a +0 mace, a bread ration {!e}
     0 | D:1      | Reached XP level 1. HP: 14/14 MP: 4/4
     2 | D:1      | Learned a level 1 spell: Magic Dart
    31 | D:1      | HP: 4/14 [giant gecko (1)]
   265 | D:1      | HP: 4/14 [ooze (3)]
   274 | D:1      | Reached XP level 2. HP: 5/19 MP: 0/6
   507 | D:1      | Learned a level 2 spell: Blink
   555 | D:1      | Reached skill level 2 in Conjurations
   893 | D:1      | Reached XP level 3. HP: 16/24 MP: 1/7
   897 | D:1      | Learned a level 2 spell: Call Imp
  1082 | D:1      | Learned a level 2 spell: Repel Missiles
  1612 | D:2      | Found an ancient bone altar of Kikubaaqudgha.
  1725 | D:2      | Found a bloodstained altar of Trog.
  1815 | D:2      | Reached XP level 4. HP: 18/29 MP: 0/9
  1973 | D:2      | Reached skill level 1 in Summonings
  2033 | D:3      | Found a shimmering altar of Xom.
  2269 | D:3      | Reached skill level 3 in Conjurations
  2307 | D:3      | Found a basalt altar of Yredelemnul.
  2988 | D:4      | Noticed an ogre
  2997 | D:4      | Killed an ogre
  2997 | D:4      | Reached skill level 2 in Summonings
  2997 | D:4      | Reached XP level 5. HP: 34/34 MP: 3/10
  3345 | D:4      | Reached skill level 4 in Spellcasting
  3410 | D:4      | Noticed an ice beast
  3423 | D:4      | HP: 9/34 [ice beast (2)]
  3424 | D:4      | HP: 4/34 [ice beast (5)]
  3424 | D:4      | Slain by an ice beast

Vault maps used:
D:1:      dpeg_arrival_central
D:2:      lemuel_zombie_altar_kikubaaqudgha, lightli_temple_of_fire, first_bread
D:3:      xom_butterflies, old_standard_altar, st_stairs_10
D:4:      st_stairs_12

Action                   |  1- 3 |  4- 6 || total
-------------------------+-------+-------++-------
Melee: Mace              |    46 |    55 ||   101
Throw: Stone             |    19 |       ||    19
 Cast: Magic Dart        |    88 |    55 ||   143
       Call Imp          |     1 |     8 ||     9
       Repel Missiles    |     1 |       ||     1
Evoke: Wand              |       |     2 ||     2
  Use: Scroll            |     7 |     5 ||    12
 Stab: Sleeping          |       |     2 ||     2
  Eat: Chunk             |     3 |     6 ||     9

Table legend:
 A = Turns spent in this place as a percentage of turns spent in the entire game.
 B = Non-inter-level travel turns spent in this place as a percentage of non-inter-level travel turns spent in the entire game.
 C = Inter-level travel turns spent in this place as a percentage of turns spent in this place.
 D = Turns resting spent in this place as a percentage of non-inter-level travel turns spent in this place.
 E = Turns spent auto-exploring this place as a percentage of non-inter-level travel turns spent in this place.
 F = Non-inter-level travel turns spent in this place divided by the number of levels of this place that you've seen.
                   A       B       C       D       E      F
               +-------+-------+-------+-------+-------+----------------------
         Total | 100.0 | 100.0 |   0.6 |   4.2 |   6.0 | 306.5
       Dungeon | 100.0 | 100.0 |   0.6 |   4.2 |   6.0 | 306.5
               +-------+-------+-------+-------+-------+----------------------

Vault maps used:
D:1:      dpeg_arrival_central
D:2:      lemuel_zombie_altar_kikubaaqudgha, lightli_temple_of_fire, first_bread
D:3:      xom_butterflies, old_standard_altar, st_stairs_10
D:4:      st_stairs_12
